Map: King's Cove LE

Players

joLin - Winner!

  • Race: Zerg Zerg
  • League: Diamond
  • Spawn Location: 11:00

TwoBaneZ

  • Race: Zerg Zerg
  • League: Master
  • Spawn Location: 5:00

VOD

Have the link to the VOD?

Description

Time

  • Played on: March 30, 2019, 2:38 p.m.
  • Length: 15:24
Show
View Real Time Build Order
Export as new Build Order

joLin Zerg - Winner!

Build Orders: Hatch First 

Get SALT Encoding   

  12  0:01  Drone  
  13  0:13  Overlord  
  13  0:18  Drone  
  14  0:32  Drone x2  
  17  0:35  Drone  
  17  0:54  Hatchery  
  16  0:57  Drone  
  16  0:59  Drone  
  18  1:08  Extractor  
  17  1:16  Spawning Pool  
  16  1:19  Drone  
  16  1:21  Drone  
  18  1:29  Drone  
  19  1:43  Overlord  
  19  2:03  Queen  
  19  2:04  Zergling x4  
  19  2:06  Queen  
  19  2:08  Drone  
  26  2:11  Metabolic Boost  
  26  2:17  Drone x2  
  28  2:23  Drone  
  28  2:29  Drone  
  30  2:40  Spine Crawler  
  30  2:44  Queen  
  29  2:45  Zergling x4  
  29  2:48  Overlord  
  33  2:58  Zergling x4  
  34  3:02  Zergling x2  
  36  3:07  Baneling Nest  
  35  3:20  Overlord  
  35  3:23  Drone x5  
  40  3:35  Queen  
  42  3:43  Drone x3  
  42  3:44  Drone x2  
  47  3:54  Zergling x8  
  51  3:58  Baneling x4  
  51  3:59  Baneling x2  
  51  4:06  Zergling x6  
  49  4:32  Zergling x6  
  49  4:36  Overlord  
  45  4:43  Drone x2  
  45  4:44  Roach Warren, Drone x3  
  49  4:46  Lair  
  49  4:58  Zergling x6  
  52  5:00  Baneling x4  
  52  5:01  Zergling x2  
  52  5:06  Extractor  
  52  5:07  Extractor  
  46  5:31  Zergling x2  
  46  5:32  Zergling x10  
  52  5:55  Baneling  
  52  5:56  Baneling x2  
  52  5:57  Zergling x2, Baneling x3  
  52  5:58  Zergling x10  
  49  6:27  Zergling x16  
  49  6:31  Spire  
  56  6:46  Overlord  
  56  6:57  Baneling x3  
  52  7:12  Queen  
  49  7:32  Drone  
  49  7:33  Extractor, Zergling x2, Drone x2  
  49  7:34  Zergling x16  
  58  7:42  Queen  
  50  7:47  Zergling x2  
  50  7:48  Zergling x2  
  47  8:05  Baneling x4, Mutalisk x6  
  54  8:18  Mutalisk  
  56  8:32  Mutalisk  
  56  8:42  Mutalisk  
  58  8:52  Mutalisk  
  60  9:04  Mutalisk  
  62  9:10  Hatchery  
  59  9:18  Drone x8  
  67  9:28  Glial Reconstitution  
  67  9:33  Evolution Chamber  
  67  9:34  Evolution Chamber, Overlord x2, Hatchery  
  64  9:40  Overlord  
  64  9:41  Drone x3  
  64  9:43  Baneling x4  
  64  9:44  Baneling x4  
  64  10:15  Mutalisk x3  
  64  10:18  Zergling x18  
  79  10:25  Drone  
  79  10:26  Queen  
  81  10:37  Zergling x6  
  81  10:42  Baneling x2  
  84  10:45  Zerg Ground Armor Level 1, Zerg Missile Weapons Level 1  
  84  10:49  Overlord x2  
  84  10:57  Drone x2  
  84  11:00  Drone x2  
  84  11:01  Drone  
  89  11:08  Roach x2  
  93  11:18  Roach x3  
  99  11:26  Roach x3  
  99  11:32  Drone x4  
  109  11:38  Roach x2  
  113  11:41  Overlord  
  113  11:57  Spine Crawler, Drone x4  
  113  11:58  Overlord  
  116  12:08  Roach x4  
  124  12:21  Roach  
  124  12:22  Roach x5  
  134  12:23  Baneling x3  
  134  12:24  Baneling x2  
  134  12:42  Roach x2  
  134  12:44  Overlord x2  
  134  12:57  Overlord x3  
  134  13:05  Centrifical Hooks  
  134  13:08  Roach x8  
  150  13:24  Roach x4  
  150  13:25  Roach x5  
  166  13:36  Drone  
  166  13:37  Drone x6  
  171  14:01  Overlord x3  
  169  14:08  Baneling x6  
  169  14:09  Baneling x5  
  169  14:18  Zergling x4  
  169  14:19  Zergling x8  
  169  14:21  Roach x2  
  169  14:22  Roach x7  
  193  14:49  Roach x3, Hatchery  
  193  14:52  Hydralisk Den  
Show
View Real Time Build Order
Export as new Build Order

TwoBaneZ Zerg 

Build Orders: Hatch First, Zergling Baneling 

Get SALT Encoding   

  12  0:01  Drone  
  13  0:10  Drone  
  14  0:17  Overlord  
  14  0:26  Extractor, Drone  
  15  0:36  Drone  
  15  0:37  Drone  
  17  0:44  Drone  
  18  1:00  Hatchery  
  18  1:02  Drone  
  18  1:09  Extractor  
  17  1:18  Spawning Pool  
  16  1:21  Drone  
  17  1:27  Drone  
  18  1:33  Drone  
  18  1:38  Drone  
  19  1:50  Drone  
  20  1:59  Drone  
  21  2:11  Overlord, Queen  
  21  2:12  Queen  
  21  2:13  Metabolic Boost  
  25  2:16  Zergling x2  
  26  2:29  Zergling x4  
  28  2:31  Zergling x2  
  29  2:37  Drone  
  29  2:43  Zergling x2  
  31  2:48  Zergling x2  
  32  2:56  Zergling x4  
  32  2:57  Baneling Nest  
  33  3:04  Overlord  
  33  3:05  Zergling x2  
  34  3:14  Zergling x2  
  35  3:23  Zergling x6  
  35  3:24  Zergling x4  
  40  3:27  Overlord  
  40  3:28  Zergling x2  
  40  3:29  Zergling x2  
  40  3:30  Zergling x2  
  43  3:40  Zergling x2  
  44  3:41  Overlord  
  44  3:53  Overlord  
  44  3:55  Baneling  
  44  3:56  Baneling x7  
  44  4:09  Baneling x2  
  42  4:10  Zergling x6  
  45  4:19  Zergling x4  
  45  4:20  Zergling x2  
  41  4:35  Zergling x12  
  44  4:42  Drone x2  
  46  4:46  Baneling x3  
  46  4:47  Baneling  
  46  4:51  Zergling x2  
  47  4:56  Zergling x4  
  47  4:57  Baneling  
  47  4:59  Baneling  
  47  5:02  Zergling x2  
  48  5:09  Zergling x4  
  48  5:17  Zergling x4  
  48  5:18  Zergling x4  
  42  5:30  Zergling x4  
  42  5:31  Zergling x4  
  42  5:32  Drone  
  44  5:40  Drone x2  
  46  5:48  Baneling x2  
  46  5:49  Baneling x3  
  46  5:55  Zergling x4  
  48  5:58  Baneling  
  48  6:05  Zergling x8  
  48  6:06  Zergling x2  
  46  6:26  Baneling x3  
  46  6:27  Zergling x14  
  53  6:40  Baneling  
  52  6:50  Zergling x4  
  52  6:51  Zergling x2  
  52  6:52  Zergling x2  
  56  7:00  Zergling x4  
  54  7:09  Drone  
  54  7:10  Drone x5  
  54  7:12  Lair  
  59  7:28  Hatchery  
  55  7:30  Drone x2  
  55  7:31  Drone x2  
  55  7:32  Baneling x2  
  58  7:40  Zergling x8  
  52  7:49  Zergling x6  
  52  7:51  Zergling x2  
  54  7:55  Zergling x2  
  48  8:01  Zergling x2  
  48  8:02  Zergling x6  
  48  8:04  Baneling x4  
  53  8:05  Drone  
  53  8:10  Extractor  
  53  8:12  Extractor x2, Spore Crawler  
  49  8:14  Spore Crawler x2  
  49  8:15  Drone  
  49  8:16  Spore Crawler  
  49  8:17  Drone, Spore Crawler  
  47  8:23  Zergling x2  
  41  8:50  Drone  
  41  8:51  Drone x7  
  41  8:52  Pneumatized Carapace  
  49  9:00  Spine Crawler  
  49  9:01  Spine Crawler  
  46  9:02  Drone  
  46  9:03  Drone  
  46  9:18  Zergling x6  
  46  9:19  Baneling x3  
  46  9:20  Zergling x2  
  50  9:26  Drone  
  51  9:41  Drone x4  
  51  9:42  Hydralisk Den, Drone x2  
  56  10:06  Drone  
  56  10:07  Drone x4  
  56  10:08  Overlord  
  56  10:13  Hatchery  
  58  10:21  Grooved Spines  
  56  10:24  Hydralisk  
  56  10:27  Hydralisk  
  54  10:30  Hydralisk  
  54  10:33  Hatchery  
  55  10:44  Hydralisk x2  
  55  10:45  Hydralisk x2  
  55  10:49  Hydralisk  
  63  10:56  Queen  
  67  11:03  Overlord  
  67  11:04  Overlord  
  67  11:08  Overlord  
  67  11:16  Overlord x2  
  65  11:26  Hydralisk x2  
  65  11:28  Hydralisk  
  71  11:33  Hydralisk  
  71  11:34  Hydralisk x3  
  71  11:38  Hydralisk  
  81  11:51  Drone x3  
  84  11:58  Hydralisk x2  
  84  11:59  Hydralisk  
  90  12:06  Muscular Augments  
  90  12:16  Overlord  
  90  12:27  Overlord x3  
  90  12:36  Drone  
  90  12:37  Drone x2  
  93  12:39  Evolution Chamber  
  92  12:44  Zergling x4  
  92  12:46  Zergling x2  
  92  12:49  Zergling x4  
  97  12:52  Hydralisk  
  99  13:04  Hydralisk x2  
  99  13:05  Hydralisk  
  105  13:09  Baneling  
  105  13:10  Baneling x3  
  105  13:13  Hydralisk  
  105  13:17  Hydralisk  
  105  13:18  Baneling x2  
  105  13:19  Baneling  
  108  13:24  Hydralisk  
  108  13:25  Hydralisk  
  112  13:32  Hydralisk  
  114  13:35  Overlord  
  114  13:42  Evolution Chamber  
  112  14:01  Hydralisk  
  112  14:02  Hydralisk x4  
  122  14:18  Overlord  
  122  14:21  Hatchery  
  121  14:29  Drone  
  121  14:31  Overlord x2  
  122  14:48  Hydralisk x3  
  122  14:52  Lurker Den  
  127  14:56  Hydralisk x3  
  127  14:58  Extractor  
  132  15:00  Extractor  
Tags
 
Add a new tag
Caveats
  • Supply blocks, unpowered buildings, or Contaminate may cause inaccurate times.
  • Supply counts are checked every 10 seconds.